[Event "Early-Titled-Tuesday-Blitz-June-18-2024"]
[Site "Chess.com"]
[Date "2024.06.18"]
[Round "9"]
[White "Rutricks"]
[Black "bazar-wokzal"]
[Result "1-0"]
[WhiteElo "2759"]
[BlackElo "2596"]
[TimeControl "180+1"]
[EndTime "9:46:23 PDT"]
[Termination "Rutricks won by resignation"]

1. c4 e5 2. Nc3 Nf6 3. g3 c6 4. d4 exd4 5. Qxd4 d5 6. Bg2 Be6 7. cxd5 cxd5 8. Be3 Nc6 9. Qa4 Bb4 10. Nf3 O-O 11. O-O Qa5 12. Qxa5 Nxa5 13. Nb5 Nc4 14.
Bd4 a6 15. Nc7 Rac8 16. Nxe6 fxe6 17. Bh3 Rce8 18. b3 Nd6 19. a3 Ba5 20. b4 Bd8 21.
Bc5 Nfe4 22. Nd4 Nxc5 23. bxc5 Nf5 24. Bxf5 exf5 25. Rab1 Rf7 26. e3 Be7 27. Rfc1 Rc8 28. Rxb7 Rxc5 29. Rd1 g6 30. Ne6 Rc6 31. Rb8+ Bf8 32.
Nd8 Rcc7 33. Nxf7 Kxf7 34. a4 Rd7 35. Rb6 a5 36. Rb5 Bb4 37. Rbxd5 1-0

[Event "Early-Titled-Tuesday-Blitz-June-18-2024"]
[Site "Chess.com"]
[Date "2024.06.18"]
[Round "9"]
[White "Msb2"]
[Black "Gareth-Bale11"]
[Result "1-0"]
[WhiteElo "3069"]
[BlackElo "2963"]
[TimeControl "180+1"]
[EndTime "9:46:27 PDT"]
[Termination "Msb2 won by resignation"]

1. d4 Nf6 2. c4 e6 3. Nc3 d5 4. cxd5 exd5 5. Bg5 c6 6. e3 h6 7. Bf4 Bd6 8. Bxd6 Qxd6 9. Bd3 O-O 10. Nge2 Re8 11.
Qd2 Nbd7 12. f3 c5 13. O-O-O a6 14. Bc2 Qe7 15. Nf4 Nb6 16. dxc5 Nc4 17. Ncxd5 Nxd5 18. Nxd5 Qxc5 19. Qd3 f5 20. Qd4 Qc6 21. Kb1 b5 22.
Nb4 Qc7 23. Nd5 Qf7 24. Bb3 Be6 25. Nf4 Rac8 26. Rhe1 Kh7 27. h4 a5 28. Nxe6 Rxe6 29. g4 fxg4 30. Qxg4 Rec6 31. Bc2+ Kg8 32. Be4 Rc5 33.
Bd5 Rxd5 34. Qxc8+ Kh7 35. Qg4 Nd2+ 36. Ka1 a4 37. h5 Kg8 38. Qc8+ Kh7 39. Qc2+ Rf5 40. Rxd2 1-0

[Event "Early-Titled-Tuesday-Blitz-June-18-2024"]
[Site "Chess.com"]
[Date "2024.06.18"]
[Round "9"]
[White "Hamisandwich"]
[Black "scarabee43"]
[Result "0-1"]
[WhiteElo "2754"]
[BlackElo "2879"]
[TimeControl "180+1"]
[EndTime "9:46:27 PDT"]
[Termination "scarabee43 won by resignation"]

1. b3 d5 2. Nf3 Nf6 3. Ba3 Bf5 4.
c4 d4 5. e3 Nc6 6. b4 a6 7. b5 axb5 8. cxb5 Nb8 9. Bb2 dxe3 10. fxe3 e6 11. a4 Bb4 12. Qb3 Qe7 13. Nc3 Nbd7 14.
d4 Nd5 15. Kf2 N7f6 16. Nxd5 exd5 17. Ne5 Ne4+ 18. Kg1 Bd2 19. Nf3 Nc3 20. h3 Qxe3+ 21. Kh2 Qf4+ 22. g3 Qxf3 23. Bg2 Qd3 24. Ra3 Qe2 25.
Bxc3 Be4 26. Rg1 Be3 27. Ra2 Bxg1+ 28. Kxg1 Qe3+ 29. Kh2 O-O 30. Bxe4 dxe4 31. Qc4 Qd3 32. Qxd3 exd3 33. Kg2 Rfe8 34. Kf3 Re2 35. Rxe2 dxe2 36. a5 Re8 37. Kf2 f5 38. Bd2 Kf7 39. Ke1 Re4 40. Bf4 Rxd4 41. Bxc7 Rb4 42. b6 Ra4 43. Kxe2 Rxa5 44.
Kf3 Ke6 45. Kf4 Ra4+ 46. Kf3 g5 47. Kf2 Ra2+ 48. Ke3 Kd5 49. Kf3 Ra3+ 50. Kf2 Ke4 51.
Ke2 Ra2+ 52. Kd1 f4 53. gxf4 gxf4 54. Ke1 Rh2 0-1

[Event "Early-Titled-Tuesday-Blitz-June-18-2024"]
[Site "Chess.com"]
[Date "2024.06.18"]
[Round "9"]
[White "chessbaerchen"]
[Black "Roachelley"]
[Result "1-0"]
[WhiteElo "2695"]
[BlackElo "2555"]
[TimeControl "180+1"]
[EndTime "9:46:27 PDT"]
[Termination "chessbaerchen won by resignation"]

1. e4 c5 2. Nf3 d6 3. d4 cxd4 4. Nxd4 Nf6 5. Nc3 Nc6 6. Bg5 e6 7. Qd2 a6 8. O-O-O Bd7 9. f4 Be7 10. Kb1 b5 11. a3 Qb6 12. Nxc6 Bxc6 13. Bd3 O-O-O 14. Rhe1 Rd7 15. e5 dxe5 16. fxe5 Nd5 17. Ne4 Bxg5 18. Qxg5 b4 19. axb4 Nxb4 20. Nd6+ Kb8 21.
Qxg7 Rhd8 22. Bc4 Bd5 23. Bxd5 Nxd5 24. Rd3 f6 25. Qg3 Ka8 26. Rb3 Qc6 27. c4 Nb6 28. Qf3 Qxf3 29. gxf3 fxe5 30. c5 Na4 31. Rxe5 Nxc5 32. Rxc5 Rxd6 33. Rc7 R8d7 34. Rxd7 Rxd7 35. Rb6 Ka7 36. Rxe6 Rf7 37. Kc2 Rxf3 38. Re7+ Kb6 39. Rxh7 Kb5 40. Rh5+ Kb4 41. Rh4+ Kb5 42. Kb1 a5 43.
Ka2 Rf2 44. Ka3 Rf3+ 45. b3 Rf1 46. Rh5+ Kb6 47. h4 Ra1+ 48. Kb2 Rh1 49. Ka2 Rh2+ 50. Ka3 Rh3 51. Ka4 Rh1 52. Rh6+ Kb7 53. Kxa5 1-0

[Event "Early-Titled-Tuesday-Blitz-June-18-2024"]
[Site "Chess.com"]
[Date "2024.06.18"]
[Round "9"]
[White "Korchmar_Vasiliy"]
[Black "Heliosis11"]
[Result "1-0"]
[WhiteElo "2660"]
[BlackElo "2465"]
[TimeControl "180+1"]
[EndTime "9:46:28 PDT"]
[Termination "Korchmar_Vasiliy won on time"]

1. d4 Nf6 2. c4 e6 3. Nf3 b6 4. g3 Ba6 5. Nbd2 d5 6. Bg2 Be7 7. O-O O-O 8. Ne5 c6 9. Qa4 b5 10. Qc2 bxc4 11. b3 cxb3 12. Nxb3 Bb7 13. Rb1 Nfd7 14. Nd3 Qc8 15. Na5 Ba6 16. Bf4 Nb6 17.
Ne5 c5 18. dxc5 Qxc5 19. Qxc5 Bxc5 20. Rfc1 Be7 21. e4 Bf6 22. Rc7 g5 23. Ng4 Bd8 24.
Be5 f6 25. Nh6+ Kh8 26. Rf7 N8d7 27. exd5 fxe5 28. dxe6 Rxf7 29. Nxf7+ Kg7 30. Bxa8 Nxa8 31. Nxd8 Nf6 32. e7 Nb6 33. Nac6 Bd3 34. Rb3 e4 35.
Ra3 Nbd5 36. Rxa7 Kg6 37. a4 Nc3 38. a5 Ne2+ 39. Kg2 e3 40. fxe3 Be4+ 41. Kf2 Nc3 42. a6 Ng4+ 43. Ke1 Nf6 44. Rc7 Ncd5 45. Rb7 Nxe3 46. a7 1-0

[Event "Early-Titled-Tuesday-Blitz-June-18-2024"]
[Site "Chess.com"]
[Date "2024.06.18"]
[Round "9"]
[White "Nf3c5"]
[Black "pavelalexandru07"]
[Result "1-0"]
[WhiteElo "2608"]
[BlackElo "2461"]
[TimeControl "180+1"]
[EndTime "9:46:29 PDT"]
[Termination "Nf3c5 won by resignation"]

1. e4 c5 2. Nc3 a6 3. Nge2 b5 4. g3 Bb7 5. Bg2 e6 6. O-O Be7 7. d4 cxd4 8. Nxd4 Qc7 9. Re1 d6 10. a4 b4 11. Nd5 exd5 12. exd5 Kf8 13. Bd2 Nd7 14. Bxb4 Nc5 15. Nf5 Bc8 16. Nxe7 Nxe7 17. Qe2 Ra7 18. Ra3 a5 19. Bxc5 Qxc5 20. Rc3 Ba6 21.
Qe4 Qb4 22. Qe3 Qb8 23. Rb3 Qa8 24. Qb6 Bc4 25. Rbe3 Rd7 26. b3 Bxd5 27. Rxe7 Rxe7 28. Qxd6 Qe8 29. Bxd5 g6 30. Bc6 Kg7 31. Rxe7 Qc8 32. Qe5+ Kh6 33. Rxf7 Rd8 34. Qf4+ Kh5 35. Bf3+ 1-0

[Event "Early-Titled-Tuesday-Blitz-June-18-2024"]
[Site "Chess.com"]
[Date "2024.06.18"]
[Round "9"]
[White "Muracle"]
[Black "CSB7"]
[Result "0-1"]
[WhiteElo "2597"]
[BlackElo "2761"]
[TimeControl "180+1"]
[EndTime "9:46:30 PDT"]
[Termination "CSB7 won on time"]

1. d4 Nf6 2. Nf3 g6 3. g3 Bg7 4. Bg2 O-O 5. O-O d5 6. c4 c6 7.
b3 Bf5 8. Bb2 Nbd7 9. e3 a5 10.
Nc3 Ne4 11. Nh4 Nxc3 12. Bxc3 Be6 13. Qe2 dxc4 14. bxc4 Nb6 15. c5 Bc4 16. Qe1 Nd5 17.
Nf3 b5 18. cxb6 Qxb6 19. Rb1 Qc7 20. Bd2 Rfb8 21. Rxb8+ Qxb8 22. Qc1 Bxf1 23. Bxf1 Qb6 24. Bc4 e6 25. Ne1 Rb8 26. Nd3 Qb1 27. Bxa5 c5 28.
dxc5 Qxc1+ 29. Nxc1 Rb1 30. Bd2 Bb2 31. Bd3 Ra1 32.
Kg2 Bxc1 33. Ba5 Rxa2 34. Bc4 Rxa5 35. Bxd5 exd5 36. c6 Rc5 37. c7 Rxc7 0-1

[Event "Early-Titled-Tuesday-Blitz-June-18-2024"]
[Site "Chess.com"]
[Date "2024.06.18"]
[Round "9"]
[White "Defend1r"]
[Black "Sprinc1"]
[Result "1-0"]
[WhiteElo "2540"]
[BlackElo "2274"]
[TimeControl "180+1"]
[EndTime "9:46:30 PDT"]
[Termination "Defend1r won on time"]

1. Nf3 d5 2. c4 e6 3. e3 Nf6 4. b3 Bd6 5. Bb2 O-O 6. Qc2 Nbd7 7.
d4 c5 8. Bd3 cxd4 9. Nxd4 Ne5 10.
O-O Nxd3 11. Qxd3 dxc4 12. Qxc4 Bd7 13. Nc3 Rc8 14. Qd3 a6 15. Rad1 Bb8 16. Nce2 Qc7 17. Ng3 Rfd8 18. Qe2 h5 19. Rc1 Qd6 20. Rxc8 Bxc8 21.
Nf3 Qd5 22. e4 Qa5 23. e5 Nd5 24. Ba1 Nb4 25. Bc3 Qc5 26. Bxb4 Qxb4 27. Nxh5 Bd7 28. Qe3 Qe7 29. h4 Bc6 30. Re1 b5 31. Nf4 Ba7 32. Qe2 1-0

[Event "Early-Titled-Tuesday-Blitz-June-18-2024"]
[Site "Chess.com"]
[Date "2024.06.18"]
[Round "9"]
[White "GMAkobianSTL"]
[Black "Polish_fighter3000"]
[Result "0-1"]
[WhiteElo "2848"]
[BlackElo "3072"]
[TimeControl "180+1"]
[EndTime "9:46:31 PDT"]
[Termination "Polish_fighter3000 won by resignation"]

1. d4 Nf6 2. c4 d6 3. Nf3 g6 4. Nc3 Bg7 5. Bg5 h6 6. Bf4 Nc6 7. d5 e5 8. Bd2 Nd4 9. e3 Nxf3+ 10. gxf3 O-O 11. Bd3 Nh5 12. h4 Bd7 13. Qc2 f5 14.
O-O-O Kh7 15. Rdg1 a6 16. Kb1 Rb8 17. Ne2 b5 18. c5 c6 19. dxc6 Bxc6 20. e4 f4 21. cxd6 Qxd6 22. Rc1 Rfd8 23. Qxc6 Qxd3+ 24. Rc2 Qxe2 25.
Rg1 Rxd2 26. Qxg6+ Kh8 27. Rxd2 Qxd2 28. Qxh5 Rc8 29.
a3 Qd7 30. Qg6 Rc6 31. Qh5 a5 32. Rxg7 Kxg7 33. Qxe5+ Rf6 34. h5 b4 35. axb4 axb4 36.
b3 Qd1+ 37. Ka2 Qe2+ 38. Kb1 Qe1+ 39. Ka2 Qxf2+ 40. Kb1 Qe1+ 41. Ka2 Qd2+ 42. Kb1 Qe1+ 43. Ka2 Qc3 44. Qe7+ Rf7 0-1

[Event "Early-Titled-Tuesday-Blitz-June-18-2024"]
[Site "Chess.com"]
[Date "2024.06.18"]
[Round "9"]
[White "AlphaPerseii"]
[Black "Sic_Transit_GM"]
[Result "1-0"]
[WhiteElo "2410"]
[BlackElo "2563"]
[TimeControl "180+1"]
[EndTime "9:46:31 PDT"]
[Termination "AlphaPerseii won by checkmate"]

1. e4 e5 2. Nf3 Nc6 3. Bb5 a6 4.
Ba4 Nf6 5. O-O Bc5 6. Nxe5 Nxe5 7. d4 b5 8. Bb3 O-O 9. dxe5 Nxe4 10. Qd5 Qh4 11. g3 Nxg3 12. hxg3 Qxg3+ 13. Qg2 Qxg2+ 14. Kxg2 Bb7+ 15. Kh2 Rae8 16. f4 Kh8 17. Nc3 f6 18. exf6 Rxf6 19. f5 b4 20. Nd5 Re2+ 21. Kg3 Rd6 22.
Nf4 Re4 23. Ng6+ Rxg6+ 24. fxg6 Bd6+ 25. Bf4 Re3+ 26. Kg4 h5+ 27. Kxh5 Bf3+ 28. Kg5 Be7+ 29. Kf5 Be4+ 30. Kg4 Re2 31. Rh1+ Bxh1 32. Rxh1+ Bh4 33.
Rxh4# 1-0

[Event "Early-Titled-Tuesday-Blitz-June-18-2024"]
[Site "Chess.com"]
[Date "2024.06.18"]
[Round "9"]
[White "Gryffindorac8"]
[Black "koncheto"]
[Result "0-1"]
[WhiteElo "2483"]
[BlackElo "2631"]
[TimeControl "180+1"]
[EndTime "9:46:32 PDT"]
[Termination "koncheto won by checkmate"]

1. d4 e5 2. dxe5 Nc6 3. Nf3 Qe7 4. Bf4 d6 5. exd6 Qf6 6. Qc1 cxd6 7. Nc3 Bf5 8. e3 Nge7 9. Bd3 Ng6 10. Nd5 Qd8 11.
Bxf5 Be7 12. Bxg6 hxg6 13. O-O g5 14. Bg3 g4 15. Nxe7 gxf3 16. Nxc6 bxc6 17. gxf3 Qd7 18.
Qd1 O-O-O 19. Qd4 Kb7 20. c4 Rh5 21. Rac1 Rdh8 22. Qxd6 Qc8 23. Rc3 Rg5 24. Rb3+ Ka8 25. c5 Rg6 26. Qf4 Rf6 27. Qe5 Re6 28. Qd4 Rg6 29. Qe4 Qh3 30. Qf4 Qxh2# 0-1

[Event "Early-Titled-Tuesday-Blitz-June-18-2024"]
[Site "Chess.com"]
[Date "2024.06.18"]
[Round "9"]
[White "Arteler"]
[Black "Boudicca64"]
[Result "1-0"]
[WhiteElo "2208"]
[BlackElo "1851"]
[TimeControl "180+1"]
[EndTime "9:46:32 PDT"]
[Termination "Arteler won on time"]

1. e4 g6 2. Nf3 Bg7 3. d4 c5 4.
Be3 Qa5+ 5. Nc3 Nf6 6. Qd2 Ng4 7.
Bg5 cxd4 8. Nd5 Qxd2+ 9. Nxd2 f6 10. Nc7+ Kd8 11. Bf4 e5 12. Nxa8 exf4 13. Nf3 b6 14. h3 Ne5 15. Nxd4 Bb7 16. Nxb6 axb6 17. f3 Nbc6 18. c3 Ke7 19. Kf2 Rd8 20. Be2 d5 21.
Nxc6+ Bxc6 22. exd5 Bxd5 23. Rhd1 f5 24. Rd2 Bf6 25.
Rad1 Ke6 26. c4 Nxc4 27. Bxc4 Bxc4 28. Rxd8 Bxd8 29. Rxd8 Bxa2 30. Rb8 Kd6 31. Rxb6+ Kc5 32. Ra6 Bc4 33. Ra7 Kb4 34. Rxh7 Kb3 35. Rb7+ Kc2 36. Rc7 Kd3 37. g3 Bb3 38. Rc3+ 1-0

[Event "Early-Titled-Tuesday-Blitz-June-18-2024"]
[Site "Chess.com"]
[Date "2024.06.18"]
[Round "9"]
[White "djano"]
[Black "AttilaTurzo"]
[Result "0-1"]
[WhiteElo "2641"]
[BlackElo "2470"]
[TimeControl "180+1"]
[EndTime "9:46:33 PDT"]
[Termination "AttilaTurzo won by checkmate"]

1. e4 e5 2. d4 exd4 3. Bc4 Nf6 4. Nf3 Nc6 5. O-O d6 6. Ng5 Ne5 7. Bb3 h6 8. f4 hxg5 9. fxe5 dxe5 10. Bxg5 Be7 11.
Nd2 Bg4 12. Qe1 Be6 13. Qg3 Qd6 14. Nc4 Bxc4 15. Bxc4 O-O-O 16. Bxf7 Kb8 17. Rae1 Qb6 18. Kh1 Qxb2 19. Bb3 Qa3 20. h3 Qd6 21. Rf5 Nh5 22.
Qxe5 Ng3+ 23. Kg1 Nxf5 24. Qxf5 Bxg5 25. Qxg5 Qf6 26. Qg3 Rhf8 27. e5 Qf4 28. Qxf4 Rxf4 29. e6 Re8 30. Re5 Re7 31. Kh2 c6 32. Kg3 Rf1 33. h4 Kc7 34. h5 b6 35. Bc4 Kd6 36.
Rg5 Rc1 37. Bb3 b5 38. Kf2 c5 39. c4 bxc4 40. Ba4 d3 41. Ke3 Re1+ 42. Kd2 Re2+ 43. Kc3 Rxa2 44. Bb5 Rc2# 0-1

[Event "Early-Titled-Tuesday-Blitz-June-18-2024"]
[Site "Chess.com"]
[Date "2024.06.18"]
[Round "9"]
[White "WilliamAlfaroCaracas"]
[Black "DanyKopy"]
[Result "0-1"]
[WhiteElo "2370"]
[BlackElo "2568"]
[TimeControl "180+1"]
[EndTime "9:46:34 PDT"]
[Termination "DanyKopy won by resignation"]

1. Nf3 d5 2. c4 e6 3. d4 Nf6 4.
Nc3 Be7 5. Bg5 O-O 6. cxd5 exd5 7. e3 c6 8. Bd3 h6 9. Bh4 Re8 10. Qc2 Ne4 11. Bxe4 Bxh4 12. Bh7+ Kh8 13. O-O-O Bxf2 14. Qxf2 Kxh7 15. Ne5 Be6 16. Nxf7 Bxf7 17. Qxf7 Rxe3 18. Rhe1 Rxe1 19. Rxe1 Qg5+ 20. Kb1 Qg6+ 21. Qxg6+ Kxg6 22. Re7 b6 23. Re8 Kf7 24. Rc8 Ke7 25. Ne2 Kd7 26.
Rg8 Kc7 27. Rxg7+ Nd7 28. Nf4 Re8 29. g3 Re4 30. Kc2 Re1 31. Kd2 Rh1 32. h4 Kc8 33. Rf7 b5 34. Rh7 Nf6 35. Rxh6 Ne4+ 36. Ke3 Nxg3 37. Rxc6+ Kb7 38. Rh6 Nf5+ 39. Kd3 Nxh6 0-1

[Event "Early-Titled-Tuesday-Blitz-June-18-2024"]
[Site "Chess.com"]
[Date "2024.06.18"]
[Round "9"]
[White "averageFM"]
[Black "Defenstrator"]
[Result "1-0"]
[WhiteElo "2573"]
[BlackElo "2392"]
[TimeControl "180+1"]
[EndTime "9:46:36 PDT"]
[Termination "averageFM won by resignation"]

1. e4 d5 2. exd5 Qxd5 3. Nc3 Qd6 4. Nf3 e5 5. Nb5 Qe7 6. Bc4 c6 7. Nc3 e4 8. Ng1 b5 9. Bb3 a5 10. a4 b4 11. Nce2 Nf6 12. d4 Be6 13. Bxe6 Qxe6 14.
Nh3 Nbd7 15. Nhf4 Qf5 16. O-O Bd6 17. Ng3 Qg4 18. Qxg4 Nxg4 19. Nxe4 Bc7 20. h3 Nh6 21. d5 Bxf4 22. Bxf4 cxd5 23. Nd6+ Kf8 24. Rad1 Nf6 25. g4 Nhg8 26. g5 Nh5 27. Be3 Ne7 28. Bc5 g6 29. Rfe1 Nf4 30. Nxf7 Kxf7 31. Rxe7+ Kg8 32. Bd4 Nxh3+ 33. Kg2 Nxg5 34. Bxh8 Kxh8 35. Rxd5 h6 36. Ree5 Rc8 37. Rc5 Rd8 38. Rxa5 Kg7 39. Ra6 Rd2 40. Re7+ Kf8 41. Rb7 Nf7 42. Rf6 1-0

[Event "Early-Titled-Tuesday-Blitz-June-18-2024"]
[Site "Chess.com"]
[Date "2024.06.18"]
[Round "9"]
[White "pinelone"]
[Black "elizabethcastaneda"]
[Result "1-0"]
[WhiteElo "2480"]
[BlackElo "2215"]
[TimeControl "180+1"]
[EndTime "9:46:36 PDT"]
[Termination "pinelone won by resignation"]

1. Nf3 Nf6 2. c4 g6 3. b3 Bg7 4. Bb2 O-O 5. g3 d6 6. Bg2 e5 7.
d3 Nh5 8. Nc3 f5 9. O-O Nc6 10.
Qd2 h6 11. Nd5 Be6 12. e3 Qd7 13. Rae1 g5 14. Rd1 f4 15. exf4 gxf4 16. d4 e4 17. Nh4 Bg4 18. f3 exf3 19. Bxf3 fxg3 20. hxg3 Nxg3 21. Rf2 Ne4 22. Bxe4 Bxd1 23. Qxd1 Rxf2 24. Kxf2 Qh3 25. Nf3 Rf8 26. Ke2 Qg2+ 27. Ke3 h5 28.
Bc3 Bh6+ 29. Kd3 h4 30. Qg1 Qxg1 31. Nxg1 Rf1 32. Nh3 Rd1+ 33. Ke2 Ra1 34. Bxa1 1-0

[Event "Early-Titled-Tuesday-Blitz-June-18-2024"]
[Site "Chess.com"]
[Date "2024.06.18"]
[Round "9"]
[White "BirdMaster3000"]
[Black "Angry_Twin"]
[Result "0-1"]
[WhiteElo "2781"]
[BlackElo "2928"]
[TimeControl "180+1"]
[EndTime "9:46:38 PDT"]
[Termination "Angry_Twin won by resignation"]

1. f4 d5 2. Nf3 Nf6 3. e3 g6 4. b3 Bg7 5. Bb2 O-O 6. Be2 c5 7. O-O Nc6 8. Ne5 Na5 9. Qc1 d4 10. Bf3 e6 11. c4 Nd7 12. exd4 cxd4 13. Nxd7 Bxd7 14. b4 Nc6 15. a3 Rc8 16. d3 b6 17.
Nd2 Ne7 18. Qe1 Nf5 19. Qf2 Ne3 20. Rfc1 Qc7 21. Nb3 Qxf4 22. Bb7 Qxf2+ 23. Kxf2 Rc7 24. Bxd4 Ng4+ 25. Kg3 e5 26. Bf3 exd4 27. Bxg4 Be5+ 28. Kh3 f5 29. Bf3 Bf4 30. Bd5+ Kg7 31. Nxd4 Bxc1 32.
Rxc1 f4+ 33. g4 Re8 34. Rf1 Re3+ 35. Rf3 h5 36. Kh4 Bxg4 37. Rxf4 Rce7 38. Nc6 Rd7 39. Kg5 Bf5 40. Be4 Bxe4 41. dxe4 Rd1 42. Ne5 Rg1+ 43. Kh4 g5+ 44. Kxh5 gxf4 0-1

[Event "Early-Titled-Tuesday-Blitz-June-18-2024"]
[Site "Chess.com"]
[Date "2024.06.18"]
[Round "9"]
[White "Viktor_Poddubnyi"]
[Black "David_ATM"]
[Result "0-1"]
[WhiteElo "2316"]
[BlackElo "2419"]
[TimeControl "180+1"]
[EndTime "9:46:38 PDT"]
[Termination "David_ATM won on time"]

1. e4 e5 2. f4 d6 3. Nf3 Nc6 4.
d4 exd4 5. Nxd4 Nxd4 6. Qxd4 Nf6 7. Nc3 Be7 8. Be3 O-O 9. O-O-O Re8 10. Be2 Bf8 11. Bf3 Bg4 12. Kb1 Bxf3 13. gxf3 g6 14.
Qd2 Bg7 15. f5 Nh5 16. Rhg1 b5 17. Nxb5 Rb8 18. Nc3 Qd7 19. Bd4 Re5 20. f4 Ree8 21.
Bxg7 Nxg7 22. Nd5 Qd8 23. fxg6 hxg6 24. f5 c6 25. Nf4 g5 26. Ne2 Rxe4 27. Nc3 Rf4 28.
Qxd6 Qxd6 29. Rxd6 Rxf5 30. Rxc6 Ne6 31. Ra6 Kg7 32.
Rxa7 Rh8 33. a4 Rxh2 34. a5 Rff2 35. Rc1 Nd4 36. Ne4 Rfg2 37. Nd6 Nxc2 38. Rxf7+ Kg6 0-1

[Event "Early-Titled-Tuesday-Blitz-June-18-2024"]
[Site "Chess.com"]
[Date "2024.06.18"]
[Round "9"]
[White "Roland_Garros_2024"]
[Black "FMalexhdez"]
[Result "0-1"]
[WhiteElo "2194"]
[BlackElo "2286"]
[TimeControl "180+1"]
[EndTime "9:46:38 PDT"]
[Termination "FMalexhdez won on time"]

1. e4 e5 2. Nf3 Nc6 3. Bb5 a6 4. Ba4 Nf6 5. O-O b5 6. Bb3 Be7 7. Re1 d6 8. c3 O-O 9. h3 Na5 10. Bc2 c5 11. d4 Nc6 12. d5 Nb8 13. b3 Nbd7 14. Nbd2 Re8 15. c4 Bf8 16. Nf1 g6 17. Ng3 Bg7 18. Bg5 h6 19. Be3 Kh7 20. Nh2 h5 21.
Qf3 Rb8 22. Bg5 Qa5 23. Qe3 bxc4 24. bxc4 Rb2 25. Bb3 Nb6 26. Qc1 Rxb3 27. axb3 Qb4 28.
Bd2 Qxb3 29. Rb1 Qxc4 30. Rxb6 Qd3 31. Qc3 Qxc3 32. Bxc3 h4 33. Ngf1 Bf8 34. Nd2 Nh5 35. Nc4 Rd8 36. Ng4 Nf4 37. Re3 Kg7 38. Ba5 f5 39.
Nh2 fxe4 40. Rc6 Re8 41. Rxe4 Bf5 42. Re3 Nxd5 43. Re1 Re6 44. Nb6 Nf4 0-1

[Event "Early-Titled-Tuesday-Blitz-June-18-2024"]
[Site "Chess.com"]
[Date "2024.06.18"]
[Round "9"]
[White "Zampronha1971"]
[Black "Lupul_Cenusiu"]
[Result "1-0"]
[WhiteElo "2411"]
[BlackElo "2693"]
[TimeControl "180+1"]
[EndTime "9:46:39 PDT"]
[Termination "Zampronha1971 won on time"]

1. e4 c6 2. d4 d5 3. e5 Bf5 4. Nc3 e6 5. g4 Bg6 6. Nge2 c5 7. Nf4 Nc6 8. Bb5 a6 9. Bxc6+ bxc6 10. h4 cxd4 11. Qxd4 c5 12. Qa4+ Qd7 13. Qxd7+ Kxd7 14. Na4 Be4 15. O-O Bf3 16. Nb6+ Kc6 17. Nxa8 Bxg4 18. Bd2 Kb7 19. c4 d4 20. b4 Kxa8 21. bxc5 Bxc5 22. Nd3 Be7 23. Rfe1 Nh6 24. Bxh6 gxh6 25.
Re4 Rg8 26. Rxd4 Bxh4 27. Kf1 Bd8 28. Rb1 h5 29. Kg2 h4 30. Kh2 h5 31. Rg1 Bb6 32.
c5 Bc7 33. f3 f6 34. fxg4 fxe5 35. Re4 hxg4 36. Kg2 Rd8 37. Rd1 Kb7 38. Rxg4 e4 39. Rxe4 1-0

[Event "Early-Titled-Tuesday-Blitz-June-18-2024"]
[Site "Chess.com"]
[Date "2024.06.18"]
[Round "9"]
[White "Matols"]
[Black "patzer-reloaded"]
[Result "0-1"]
[WhiteElo "2356"]
[BlackElo "2467"]
[TimeControl "180+1"]
[EndTime "9:46:40 PDT"]
[Termination "patzer-reloaded won by resignation"]

1. d4 Nf6 2. c4 e6 3. g3 d5 4. Nf3 c5 5. cxd5 exd5 6. Bg2 Nc6 7. O-O Be7 8. dxc5 Bxc5 9. b3 O-O 10.
Bb2 Bg4 11. Nc3 Re8 12. Rc1 Bf8 13. Nb5 Ne4 14. Nbd4 Rc8 15. Nxc6 bxc6 16. h3 Bh5 17. Nd4 Qb6 18. Kh2 c5 19. Nf5 d4 20. Bxd4 g6 21.
g4 gxf5 22. gxh5 cxd4 23. Qd3 Qd6+ 24. Kg1 Qf4 25. Rxc8 Rxc8 26. Qxd4 Bc5 27. e3 Bxd4 28. exf4 Rc2 29. Bxe4 fxe4 30. Kg2 Rxa2 31. Kg3 Rb2 32.
f5 Rxb3+ 33. Kf4 e3 34. Rg1+ Kf8 35. Rd1 exf2 36. f6 Bxf6 37. Kf5 Rf3+ 38. Ke4 f1=Q 0-1

[Event "Early-Titled-Tuesday-Blitz-June-18-2024"]
[Site "Chess.com"]
[Date "2024.06.18"]
[Round "9"]
[White "Kirill_Klukin"]
[Black "NailBashirli"]
[Result "1-0"]
[WhiteElo "2876"]
[BlackElo "2749"]
[TimeControl "180+1"]
[EndTime "9:46:41 PDT"]
[Termination "Kirill_Klukin won by resignation"]

1. d4 Nf6 2. Nf3 e6 3. e3 b6 4. Bd3 Bb7 5. O-O g6 6. b3 Bg7 7. Bb2 O-O 8. c4 d6 9. Nc3 Nbd7 10.
Qe2 Qe7 11. Rfd1 c5 12. a3 Rac8 13. h3 Rfd8 14. Rac1 Nf8 15. b4 d5 16. cxd5 cxd4 17. d6 Qxd6 18. Nb5 Qb8 19. Bxd4 a6 20. Nc3 b5 21.
Ne5 Qa8 22. f3 Ne8 23. Be4 f6 24. Ng4 h5 25. Nf2 e5 26. Bc5 Bxe4 27. Ncxe4 Kh7 28. Qa2 Qb7 29. g4 h4 30. f4 exf4 31. exf4 Rxd1+ 32. Rxd1 Rc7 33. Rd8 Qc6 34. Bxf8 Bxf8 35. Rxe8 Qc1+ 36.
Kg2 Bg7 37. Qg8+ Kh6 38. g5+ fxg5 39. fxg5+ Kh5 40. Qh7+ 1-0

[Event "Early-Titled-Tuesday-Blitz-June-18-2024"]
[Site "Chess.com"]
[Date "2024.06.18"]
[Round "9"]
[White "Witik"]
[Black "Herzog2012"]
[Result "1-0"]
[WhiteElo "2809"]
[BlackElo "2627"]
[TimeControl "180+1"]
[EndTime "9:46:41 PDT"]
[Termination "Witik won on time"]

1. d4 Nf6 2. Bf4 e6 3. e3 c5 4. c3 b6 5. Nd2 Bb7 6. h3 Be7 7. Ngf3 O-O 8. Be2 d6 9. O-O Nbd7 10. Bh2 Re8 11. Re1 Bf8 12. Bf1 Qc7 13. e4 g6 14.
e5 dxe5 15. dxe5 Nd5 16. Ne4 Rad8 17. Nd6 Bxd6 18. exd6 Qb8 19. Qd2 f6 20. Rad1 Kg7 21.
a3 e5 22. c4 Nf4 23. Bxf4 exf4 24. Rxe8 Rxe8 25. Qxf4 Re6 26. h4 Bxf3 27. gxf3 Ne5 28.
d7 Rd6 29. Rxd6 Qxd6 30. Bh3 Kf7 31. Kg2 Ke7 32. Qh6 Nxd7 33. Qxh7+ Kd8 34. Qxg6 Ne5 35.
Qg8+ Ke7 36. Bf5 Nf7 37. Qg7 Qd4 38. Bg6 Qxc4 39. h5 Ke8 40. h6 1-0

[Event "Early-Titled-Tuesday-Blitz-June-18-2024"]
[Site "Chess.com"]
[Date "2024.06.18"]
[Round "9"]
[White "MaestroCheck"]
[Black "CristianS27"]
[Result "0-1"]
[WhiteElo "2616"]
[BlackElo "2496"]
[TimeControl "180+1"]
[EndTime "9:46:42 PDT"]
[Termination "CristianS27 won on time"]

1. e4 e5 2. Nf3 Nc6 3. d4 exd4 4. Bc4 Nf6 5. e5 d5 6. Bb5 Ne4 7. Nxd4 Bd7 8. Bxc6 bxc6 9. O-O Bc5 10. f3 Ng5 11. f4 Ne4 12. Be3 O-O 13. Nd2 Nxd2 14. Qxd2 f6 15. Nb3 Bb6 16. Bc5 fxe5 17. fxe5 Qe7 18. Qe3 Rae8 19. Kh1 Rxf1+ 20. Rxf1 Rf8 21. Rxf8+ Qxf8 22. h3 Qf1+ 23. Kh2 Be6 24. a4 Qc4 25. Bxb6 cxb6 26. Nd4 Bf7 27. e6 Be8 28. Nf5 Qc5 29. Qg5 Qf8 30. Qf4 Qf6 31. Qb8 Qxf5 32. Qxe8+ Qf8 0-1

[Event "Early-Titled-Tuesday-Blitz-June-18-2024"]
[Site "Chess.com"]
[Date "2024.06.18"]
[Round "9"]
[White "esskeettit"]
[Black "Meri-Arabidze"]
[Result "0-1"]
[WhiteElo "2505"]
[BlackElo "2662"]
[TimeControl "180+1"]
[EndTime "9:46:43 PDT"]
[Termination "Meri-Arabidze won by resignation"]

1. d4 Nf6 2. c4 e6 3. Nc3 Bb4 4. Qc2 O-O 5. e4 d5 6. e5 Ne4 7. Bd3 c5 8. Nf3 cxd4 9. Nxd4 Nd7 10. Bf4 Ndc5 11. O-O Bxc3 12. bxc3 b6 13. cxd5 exd5 14. Be2 h6 15. f3 Ng5 16. Rfd1 a6 17. a4 Nge6 18. Be3 Nxd4 19. Rxd4 Ne6 20. Rdd1 Qc7 21. Rxd5 Bb7 22. Rd6 Nc5 23. Rad1 Rfe8 24. Bf4 Bc6 25. R1d4 Bxa4 26. Rxa4 Nxa4 27. Qxa4 Qxc3 28. h3 b5 29. Qd4 Qe1+ 30. Bf1 b4 31. Rd7 Re6 32. Rb7 a5 33. Bd2 Qxe5 34. Qxe5 Rxe5 35. Kf2 Rd8 36.
Bf4 Rc5 37. Ba6 Rc2+ 38. Kg3 g5 39. Rb8 gxf4+ 40. Kxf4 Rxb8 0-1

[Event "Early-Titled-Tuesday-Blitz-June-18-2024"]
[Site "Chess.com"]
[Date "2024.06.18"]
[Round "9"]
[White "rasmussvane"]
[Black "Flawless_Fighter"]
[Result "1-0"]
[WhiteElo "2973"]
[BlackElo "2815"]
[TimeControl "180+1"]
[EndTime "9:46:45 PDT"]
[Termination "rasmussvane won by resignation"]

1. Nf3 d5 2. g3 Nf6 3. Bg2 e6 4. O-O Be7 5. c4 O-O 6. b3 b6 7. d4 Bb7 8. Nc3 dxc4 9. bxc4 c5 10. d5 exd5 11. Nh4 Ne4 12. Nxd5 Bxd5 13. cxd5 Bf6 14. Bxe4 Bxa1 15. d6 Nd7 16. Qc2 Bf6 17. Nf3 g6 18. Rd1 Rc8 19. h4 Re8 20. h5 Kg7 21. Kg2 c4 22.
Rh1 Rxe4 23. Qxe4 Qe8 24. Qg4 Rc5 25. Be3 Rc6 26. hxg6 fxg6 27. Nd4 Rc5 28. Ne6+ Kg8 29. Nxc5 bxc5 30. Qxc4+ Kg7 31. Bh6+ Kh8 32. e4 Qe5 33.
Bf4 Qe8 34. Re1 Bd4 35. e5 Qa8+ 36. f3 Qb7 37. e6 Qb2+ 38. Qe2 1-0